Map: Submarino EE

Players

MrFercho

  • Race: Zerg Zerg
  • League: Silver
  • Spawn Location: 11:00

ErickSumire - Winner!

  • Race: Terran Terran
  • League: Gold
  • Spawn Location: 5:00

VOD

Have the link to the VOD?

Description

Time

  • Played on: July 5, 2020, 8:25 p.m.
  • Length: 34:01
Show
View Real Time Build Order
Export as new Build Order

MrFercho Zerg 

Build Orders: Hatch First, Lurkers 

Get SALT Encoding   

  12  0:02  Drone  
  13  0:14  Overlord  
  13  0:16  Drone  
  14  0:32  Drone x2  
  16  0:55  Hatchery  
  16  0:56  Drone x2  
  17  1:12  Spawning Pool  
  17  1:14  Drone  
  17  1:18  Drone  
  18  1:22  Drone  
  19  1:31  Extractor, Drone  
  19  1:40  Drone  
  20  1:52  Overlord  
  20  2:00  Queen  
  22  2:08  Drone x2  
  24  2:09  Queen  
  26  2:20  Drone x2  
  28  2:23  Drone  
  28  2:28  Drone  
  30  2:34  Drone  
  31  2:40  Lair  
  31  2:44  Drone  
  32  2:47  Drone  
  33  2:52  Drone  
  33  2:57  Drone  
  35  3:08  Overlord x2  
  36  3:12  Drone  
  36  3:22  Roach Warren  
  36  3:24  Evolution Chamber  
  34  3:31  Drone x5  
  39  3:36  Extractor  
  39  3:37  Extractor  
  39  3:38  Queen  
  39  3:48  Hydralisk Den, Drone x5  
  44  3:50  Zerg Missile Weapons Level 1  
  43  4:01  Drone x2  
  45  4:04  Drone  
  45  4:08  Drone x3  
  49  4:25  Overlord  
  49  4:26  Overlord x2  
  49  4:29  Roach  
  51  4:35  Muscular Augments  
  51  4:47  Evolution Chamber  
  51  4:48  Roach x7  
  64  5:07  Overlord x2  
  64  5:08  Overlord  
  64  5:15  Hatchery  
  64  5:18  Drone x2  
  64  5:19  Drone x3  
  64  5:20  Overlord x2  
  68  5:27  Zerg Ground Armor Level 1  
  68  5:47  Grooved Spines  
  68  5:52  Zerg Missile Weapons Level 2  
  68  5:55  Hydralisk x3  
  68  5:56  Hydralisk x2  
  78  5:59  Drone x4  
  82  6:09  Infestation Pit  
  81  6:18  Pneumatized Carapace  
  81  6:23  Drone  
  81  6:24  Drone x7  
  89  6:29  Extractor  
  89  6:30  Queen  
  89  6:31  Extractor  
  87  6:51  Spore Crawler  
  85  6:55  Spore Crawler  
  85  6:59  Spine Crawler  
  85  7:00  Spine Crawler  
  82  7:09  Spine Crawler  
  82  7:11  Spine Crawler  
  80  7:24  Hatchery  
  80  7:25  Hatchery  
  80  7:26  Drone x10  
  88  7:49  Zerg Ground Armor Level 2  
  88  7:50  Hydralisk x4  
  88  7:51  Hydralisk x8  
  96  7:53  Overlord  
  112  8:14  Hydralisk  
  112  8:15  Hydralisk x4  
  112  8:17  Overlord x2  
  112  8:18  Overlord  
  122  8:42  Extractor, Drone x2  
  122  8:43  Drone  
  122  8:44  Drone x2  
  126  8:51  Hive  
  126  8:54  Hydralisk  
  126  8:55  Lurker Den, Hydralisk x5  
  138  8:57  Overlord x2  
  137  9:08  Overlord x4  
  137  9:28  Overlord  
  137  9:32  Overseer x2  
  137  9:34  Hydralisk x8  
  153  9:40  Hydralisk x2  
  149  10:26  Seismic Spines  
  149  10:31  Lurker x5  
  154  10:37  Drone x4  
  154  10:38  Drone x14  
  172  10:49  Hydralisk x3  
  172  10:52  Hydralisk  
  172  10:54  Hatchery  
  179  11:00  Hatchery  
  178  11:23  Adaptive Talons  
  178  11:49  Hydralisk  
  178  11:50  Hydralisk x10  
  200  12:06  Hydralisk  
  200  12:07  Hydralisk  
  144  12:50  Hydralisk x12  
  144  12:51  Hydralisk x3  
  144  12:55  Spore Crawler  
  123  13:02  Spine Crawler  
  123  13:04  Burrow  
  122  13:07  Spine Crawler  
  121  13:22  Hydralisk  
  121  13:23  Hydralisk x12  
  147  13:45  Zerg Missile Weapons Level 3  
  147  14:01  Hydralisk  
  147  14:02  Hydralisk x6  
  161  14:03  Hydralisk  
  163  14:12  Extractor  
  163  14:13  Extractor  
  161  14:19  Hydralisk x5  
  161  14:20  Extractor x2  
  166  14:42  Spire  
  166  14:43  Hydralisk x3  
  166  14:44  Hydralisk  
  173  14:55  Drone x17  
  173  14:56  Drone x10  
  162  16:11  Hydralisk x16  
  152  16:12  Hydralisk x8  
  160  16:51  Hatchery  
  160  16:53  Lurker  
  160  16:54  Lurker x4  
  100  17:26  Hydralisk x21  
  131  18:17  Hydralisk x14  
  131  18:18  Hydralisk x6  
  129  18:49  Hydralisk x10  
  129  18:50  Hydralisk x4  
  157  19:03  Greater Spire  
  157  19:05  Hydralisk x5  
  164  19:15  Extractor x2  
  162  19:38  Corruptor x4  
  130  19:48  Hatchery  
  130  19:49  Extractor  
  130  19:50  Extractor  
  72  20:30  Hydralisk x11  
  72  20:33  Corruptor x2  
  97  20:41  Brood Lord  
  71  21:12  Mutalisk x4  
  62  21:24  Hydralisk x2  
  64  21:36  Metabolic Boost  
  58  21:57  Mutalisk x2  
  62  22:03  Mutalisk  
  62  22:06  Zergling x2  
  62  22:07  Zergling x28  
  76  22:35  Brood Lord  
  78  22:38  Mutalisk x2  
  78  22:39  Mutalisk  
  63  23:01  Zergling x28  
  63  23:02  Zergling x6  
  66  23:43  Hatchery  
  66  23:44  Extractor  
  66  23:45  Extractor  
  66  23:47  Zergling x2  
  66  23:48  Zergling x34  
  81  24:03  Nydus Network  
  80  24:18  Corruptor x9  
  80  24:19  Corruptor  
  87  24:52  Drone x8  
  95  24:53  Drone x7  
  95  24:59  Drone  
  67  25:18  Brood Lord  
  69  25:22  Brood Lord  
  67  25:53  Brood Lord x4  
  54  27:13  Brood Lord x2  
  58  27:18  Drone x13  
  58  27:19  Drone x5  
  76  27:33  Zergling x12  
  82  27:45  Zergling x10  
  58  28:47  Corruptor  
  58  28:48  Corruptor x4  
  48  29:03  Drone x4  
  47  29:58  Hatchery  
  46  30:17  Brood Lord  
  46  30:18  Brood Lord  
  24  31:42  Mutalisk  
  24  31:43  Mutalisk x4  
  25  32:21  Hatchery  
Show
View Real Time Build Order
Export as new Build Order

ErickSumire Terran - Winner!

Build Orders: Gas First Reaper Expand 

Get SALT Encoding   

  12  0:01  SCV  
  13  0:13  SCV  
  14  0:20  Refinery  
  14  0:25  SCV  
  15  0:33  Supply Depot  
  15  0:55  SCV  
  15  0:56  Barracks  
  16  1:07  SCV  
  17  1:24  Command Center, SCV  
  18  1:42  Orbital Command  
  18  1:44  Supply Depot  
  18  1:46  Reaper  
  19  2:05  Barracks  
  19  2:09  SCV  
  20  2:21  SCV, Refinery  
  21  2:24  Supply Depot  
  21  2:25  Marine  
  22  2:38  SCV  
  22  2:39  Factory  
  22  2:43  Marine  
  24  2:46  Orbital Command  
  24  2:50  SCV  
  25  3:05  Barracks Reactor  
  25  3:07  SCV  
  26  3:19  SCV  
  27  3:29  Starport  
  27  3:31  SCV  
  28  3:38  Barracks x2, SCV  
  28  3:39  Marine  
  30  3:44  SCV  
  31  3:50  Bunker, SCV  
  32  3:55  Factory Tech Lab  
  32  3:56  SCV  
  33  4:05  SCV  
  33  4:08  SCV  
  35  4:12  Refinery  
  35  4:17  Viking, SCV  
  35  4:19  Hellion  
  35  4:20  SCV  
  41  4:26  Barracks Reactor, Refinery  
  41  4:29  SCV  
  42  4:33  Barracks Reactor, Barracks Tech Lab  
  42  4:40  Hellion  
  42  4:41  SCV  
  45  4:47  Viking  
  45  4:50  Marine  
  45  4:51  Marine  
  49  4:54  SCV  
  49  4:59  SCV  
  51  5:02  Hellion  
  51  5:03  Marine  
  54  5:21  Supply Depot  
  54  5:22  Supply Depot  
  54  5:23  Supply Depot  
  54  5:25  Supply Depot, Engineering Bay  
  54  5:36  Armory  
  54  5:37  SCV  
  54  5:42  Marine x4  
  54  5:43  Widow Mine, SCV  
  54  5:49  SCV  
  62  5:53  Marauder  
  62  5:54  Concussive Shells  
  62  5:55  Barracks Tech Lab, SCV  
  65  6:00  Marine x4  
  65  6:02  Medivac  
  71  6:04  Widow Mine  
  71  6:06  Terran Infantry Weapons Level 1  
  71  6:07  SCV  
  71  6:09  Engineering Bay  
  74  6:14  Marauder  
  74  6:15  SCV  
  74  6:18  Marine  
  77  6:19  SCV  
  77  6:24  Drilling Claws  
  79  6:27  SCV  
  79  6:31  SCV  
  79  6:32  Medivac  
  83  6:37  Marauder, Marine  
  86  6:52  Marine  
  86  6:53  SCV  
  61  7:08  Viking  
  86  7:09  Marauder x2  
  86  7:13  Terran Infantry Armor Level 1  
  86  7:15  Supply Depot x2  
  92  7:16  Supply Depot  
  92  7:30  Marauder  
  94  7:38  Thor  
  94  7:42  Marine x3  
  103  7:45  Marine x2  
  103  7:51  Marine  
  105  7:56  Barracks  
  106  8:00  Marine x3  
  106  8:01  Terran Infantry Weapons Level 2  
  106  8:02  Marine  
  106  8:03  Marine  
  111  8:05  Factory  
  111  8:06  Terran Vehicle Weapons Level 1  
  111  8:09  Marauder  
  113  8:17  Marine  
  113  8:18  Marauder, Marine  
  117  8:20  Marine x2  
  119  8:31  Marauder  
  119  8:35  Marine  
  119  8:36  Marine, Siege Tank  
  119  8:40  Marauder  
  126  8:46  Marine x2  
  128  8:51  Command Center  
  128  8:52  Marauder  
  130  9:01  Marauder  
  130  9:02  Factory Tech Lab  
  132  9:14  Combat Shield  
  132  9:15  Stimpack  
  132  9:17  Marine x2  
  134  9:25  Supply Depot  
  134  9:26  Marine x4, Siege Tank  
  134  9:29  Siege Tank  
  144  9:35  Marine x2  
  146  9:43  Marine x4  
  146  9:45  Terran Infantry Armor Level 2  
  148  9:53  Marine x2  
  148  9:58  Siege Tank  
  152  10:01  Marine x2  
  153  10:11  Siege Tank  
  148  10:14  Orbital Command  
  148  10:19  Terran Infantry Weapons Level 3  
  148  10:30  Siege Tank  
  148  10:33  Orbital Command  
  151  10:43  Siege Tank  
  154  11:02  Siege Tank  
  157  11:08  SCV x3  
  160  11:12  Marine x4  
  160  11:13  Marine x2  
  160  11:17  Siege Tank  
  169  11:20  SCV x3  
  172  11:30  Marine x2  
  172  11:32  SCV x3  
  177  11:42  Siege Tank  
  177  11:44  SCV  
  177  11:46  Marine  
  181  12:00  Starport Tech Lab  
  181  12:05  Refinery  
  181  12:08  Marine x3  
  181  12:09  Marine x3, Refinery  
  181  12:12  SCV x3  
  181  12:13  Siege Tank  
  160  12:24  SCV x2  
  160  12:27  Marine x2  
  164  12:36  SCV  
  148  12:57  Marine x3  
  148  12:58  Marine x3  
  137  13:01  Raven  
  137  13:05  Siege Tank x2  
  145  13:15  Marine x4  
  145  13:16  Marine x2  
  145  13:18  Starport  
  145  13:19  Terran Infantry Armor Level 3  
  151  13:20  Hi-Sec Auto Tracking  
  150  13:33  Marine x5  
  155  13:44  Raven  
  155  13:45  Barracks x2  
  157  13:57  Terran Vehicle Weapons Level 2  
  157  13:58  Starport Tech Lab  
  157  13:59  Starport Reactor  
  157  14:03  Armory  
  157  14:05  Command Center  
  157  14:36  Medivac x2  
  161  14:40  Barracks Reactor  
  161  14:41  Barracks Tech Lab  
  161  15:06  Medivac  
  163  15:16  Siege Tank x2  
  163  15:19  Marine x6  
  163  15:20  Marine x3  
  170  15:36  Marine  
  170  15:37  Marine x6  
  170  15:38  Marine  
  160  15:48  Siege Tank x2  
  163  16:04  Marine x4  
  142  16:05  Marine x2  
  142  16:07  Marine x3  
  128  16:21  Marine x2  
  128  16:22  Marine x2  
  82  17:13  Marine  
  82  17:14  Marine x5  
  75  17:21  SCV  
  69  17:31  Marine x2  
  69  17:32  Marine  
  69  17:33  SCV  
  53  17:45  SCV  
  52  17:56  Siege Tank, Refinery  
  52  17:57  SCV, Siege Tank  
  59  17:58  Marine x2  
  59  17:59  Marine x3  
  59  18:00  Marine  
  59  18:01  Medivac x2  
  59  18:04  Raven  
  71  18:09  SCV  
  72  18:16  Marine x2  
  72  18:17  Marine x2  
  72  18:18  Marauder  
  80  18:21  SCV  
  80  18:28  Siege Tank  
  80  18:29  Siege Tank  
  80  18:31  Medivac x2  
  80  18:33  SCV  
  84  18:39  Marauder  
  73  18:45  SCV  
  73  18:47  Raven  
  76  18:58  SCV  
  76  19:00  Siege Tank  
  80  19:10  SCV  
  81  19:22  SCV  
  82  19:33  Siege Tank  
  82  19:34  SCV  
  84  19:48  Marine x2, Siege Tank  
  84  19:49  Marine x3  
  92  20:05  Siege Tank  
  92  20:06  Marine x3  
  92  20:07  Marine x2  
  96  20:24  Marine x5  
  94  20:49  Marine x4  
  97  20:50  Marine  
  97  21:07  Marine x5  
  97  21:25  Marine  
  188  22:15  Orbital Command  
  86  23:02  Hellbat x2  
  87  23:20  SCV  
  87  23:24  Hellbat  
  90  23:32  SCV  
  91  23:39  Marine  
  91  23:40  Marine x2  
  94  24:08  SCV  
  95  24:20  SCV  
  96  24:32  SCV  
  96  24:36  Hellbat x2  
  101  24:44  SCV  
  100  24:56  SCV  
  101  25:17  Command Center, SCV  
  101  25:19  SCV  
  103  25:29  SCV  
  103  25:31  SCV  
  105  25:38  Hellbat  
  105  25:39  Hellbat, Marine x4  
  105  25:41  SCV  
  114  25:43  SCV  
  114  25:53  SCV  
  114  25:55  SCV  
  116  25:59  Hellbat  
  116  26:00  Hellbat, Refinery  
  120  26:05  SCV  
  120  26:06  Refinery  
  120  26:07  SCV  
  122  26:17  SCV  
  123  26:30  SCV  
  118  26:42  SCV  
  111  26:48  Marine  
  111  26:49  Marine x4  
  111  26:54  SCV  
  106  27:06  Marine x2  
  106  27:07  Marine x3  
  110  27:15  Viking  
  112  27:22  Viking  
  114  27:24  Marine x4  
  114  27:25  Marine  
  119  27:37  SCV  
  120  27:49  SCV  
  121  28:01  SCV  
  121  28:04  Viking x2  
  126  28:14  SCV  
  126  28:26  SCV  
  116  28:44  Viking x2  
  118  28:57  SCV  
  119  29:07  Orbital Command  
  119  29:09  SCV  
  120  29:15  Medivac x2  
  124  29:21  SCV  
  125  29:33  SCV  
  119  29:45  Infernal Pre-Igniter, SCV  
  119  29:47  Marine  
  119  29:48  Marine x4  
  124  29:52  SCV  
  124  29:55  SCV  
  126  30:05  Marine x2, SCV  
  126  30:06  Marine x3  
  132  30:07  SCV  
  133  30:17  SCV  
  133  30:19  SCV  
  135  30:23  Marine x3  
  135  30:24  Marine x2  
  140  30:29  SCV  
  140  30:31  SCV  
  140  30:32  Command Center  
  142  30:41  Marine x4, SCV  
  142  30:42  Marine  
  148  30:43  SCV  
  149  30:57  SCV  
  150  31:07  Refinery  
  150  31:09  SCV  
  150  31:10  Refinery  
  151  31:19  Terran Vehicle Weapons Level 3, Terran Vehicle And Ship Armor Level 1  
  151  31:21  SCV  
  149  31:33  SCV  
  148  31:45  SCV  
  149  31:51  Viking x2  
  149  31:53  Raven  
  155  31:55  SCV  
  155  32:00  Command Center, Orbital Command  
  156  32:07  SCV  
  149  32:19  SCV  
  149  32:21  Viking x2  
  154  32:31  SCV  
  155  32:42  Barracks  
  155  32:43  SCV  
  156  32:46  Marine x3  
  156  32:47  Marine  
  156  32:51  Medivac x2  
  158  32:57  SCV  
  161  33:02  Missile Turret  
  161  33:04  Missile Turret  
  161  33:09  SCV  
  161  33:11  Command Center  
  161  33:21  Command Center, SCV  
  162  33:33  SCV  
  162  33:34  Barracks, Orbital Command  
Tags
 
Add a new tag
Caveats
  • Supply blocks, unpowered buildings, or Contaminate may cause inaccurate times.
  • Supply counts are checked every 10 seconds.